 Dungeon Crawl Stone Soup version 0.21-a0-529-g8c7b3f5 (webtiles) character file.

53008 Amnesiac the Eclecticist (level 14, -7/76 HPs)
             Began as a Deep Elf Wizard on Dec 12, 2017.
             Was a High Priest of Sif Muna.
             Mangled by a deep troll (20 damage)
             ... on level 1 of the Depths.
             The game lasted 00:54:30 (22834 turns).

Amnesiac the Eclecticist (Deep Elf Wizard)         Turns: 22834, Time: 00:54:30

Health: -7/76      AC: 12    Str:  4      XL:     14   Next: 29%
Magic:  41/43      EV: 12    Int: 25 (27) God:    Sif Muna [*****.]
Gold:   1170       SH:  0    Dex: 13      Spells: 1/50 levels left

rFire    + . .     SeeInvis +   a - +5 hunting sling of Yeast {flame, rElec rN+ SInv Stlth+}
rCold    + . .     Gourm    .   (no shield)
rNeg     + . .     Faith    .   L - +2 leather armour {rF+}
rPois    .         Spirit   .   r - +0 helmet
rElec    +         Reflect  .   (no cloak)
rCorr    .         Harm     +   u - +2 pair of gloves
MR       ++...                  h - +2 pair of boots {run}
Stlth    +++.......             w - amulet "Vaohir" {Harm *Drain Slay+3}
HPRegen  0.22/turn              W - ring of magical power
MPRegen  0.28/turn              t - ring of protection from cold

@: divine energy, quick
A: dopey 1, low mp 1, magic resistance 1, mutation resistance 1
a: Stop Divine Energy, Channel Magic, Forget Spell, Renounce Religion


You were on level 1 of the Depths.
You worshipped Sif Muna.
Sif Muna was extremely pleased with you.
You were not hungry.

You visited 3 branches of the dungeon, and saw 17 of its levels.
You also visited: Ice Cave.

You collected 1754 gold pieces.
You spent 584 gold pieces at shops.

Inventory:

Hand Weapons
 a - the +5 hunting sling of Yeast (weapon) {flame, rElec rN+ SInv Stlth+}
   (You found it on level 7 of the Dungeon)

   It causes projectiles fired from it to burn those they strike, causing extra
   injury to most foes and up to half again as much damage against particularly
   susceptible opponents.
   It insulates you from electricity.
   It protects you from negative energy.
   It lets you see invisible.
   It makes you more stealthy.
 b - a +2 dagger of venom
Missiles
 g - 13 curare-tipped needles
 j - 62 poisoned needles
 F - 3 throwing nets
 K - 25 sling bullets (quivered)
Armour
 h - a +2 pair of boots of running (worn)
 r - a +0 helmet (worn)
 u - a +2 pair of gloves (worn)
 L - a +2 leather armour of fire resistance (worn)
Jewellery
 p - a +3 ring of protection
 t - a ring of protection from cold (right hand)
 w - the amulet "Vaohir" (around neck) {Harm *Drain Slay+3}
   (You found it in an ice cave)

   [amulet of harm]

   It increases damage dealt and taken.
   It affects your accuracy and damage with ranged weapons and melee attacks
   (+3).
   It causes draining when unequipped.
 y - a +2 ring of slaying
 H - an uncursed ring of wizardry
 N - an uncursed amulet of faith {unknown}
 Q - an uncursed ring of see invisible
 U - an uncursed amulet of magic regeneration
 W - a ring of magical power (left hand)
Wands
 c - a wand of acid (6)
 v - a wand of random effects (11)
 G - a wand of paralysis (11)
 M - a wand of clouds (5)
 V - a wand of disintegration (30)
 Z - a wand of enslavement (29)
Scrolls
 l - a scroll of enchant armour {!r}
 o - 7 scrolls of teleportation {!r}
 s - 4 scrolls of amnesia {!r}
 A - 4 scrolls of magic mapping {!r}
 E - 4 scrolls of remove curse {!r}
 J - a scroll of vulnerability {!r}
 O - a scroll of silence {!r, unknown}
Potions
 e - 10 potions of curing {!q}
 i - a potion of might {!q}
 k - 2 potions of berserk rage {!q}
 m - 2 potions of haste {!q}
 x - 5 potions of heal wounds {!q}
 z - 6 potions of flight {!q}
 B - 2 potions of agility {!q}
 C - 5 potions of resistance {!q}
 D - a potion of ambrosia {!q}
 I - a potion of magic {!q}
 P - 3 potions of lignification {!q}
 R - a potion of brilliance {!q}
 S - a potion of mutation {!q}
 Y - 2 potions of invisibility {!q}
Comestibles
 d - 9 bread rations
 f - 11 meat rations
 n - 17 fruits
 q - 15 royal jellies


   Skills:
 - Level 4.0 Fighting
 - Level 4.0 Dodging
 - Level 4.0 Stealth
 - Level 18.5 Spellcasting
 + Level 11.0 Conjurations
 - Level 1.1 Summonings
 - Level 1.1 Translocations
 - Level 11.0 Fire Magic
 + Level 11.0 Earth Magic
 + Level 9.8 Invocations


You had one spell level left.
You knew the following spells:

 Your Spells              Type           Power        Failure   Level  Hunger
a - Bolt of Magma         Conj/Fire/Erth ######....   1%          5    None
b - Call Imp              Summ           ####....     3%          2    None
c - Passwall              Tmut/Erth      ######....   1%          2    None
d - Fireball              Conj/Fire      ######....   1%          5    None
e - Petrify               Tmut/Erth      ######..     3%          4    None
f - Lee's Rapid Deconstr  Erth           ######....   1%          5    None
g - Mephitic Cloud        Conj/Pois/Air  #####...     2%          3    None
h - Ozocubu's Armour      Chrm/Ice       ###.....     11%         3    None
i - Passage of Golubria   Tloc           N/A          22%         4    None
j - Lehudib's Crystal Sp  Conj/Erth      ######....   95%         8    ######.
r - Regeneration          Chrm/Necr      ###.......   11%         3    None
s - Conjure Flame         Conj/Fire      ######..     1%          3    None
v - Blink                 Tloc           N/A          3%          2    None


Dungeon Overview and Level Annotations

Branches:
Dungeon (15/15)            Temple (1/1) D:5            Lair (0/6) D:11
    Orc (0/2) D:12         Vaults (0/5) D:13         Depths (1/5) D:15

Altars:
Ashenzari
Cheibriados
Dithmenos
Elyvilon
Fedhas
Gozag
Hepliaklqana
Kikubaaqudgha
Makhleb
Nemelex Xobeh
Okawaru
Qazlal
Ru
Sif Muna
Trog
Uskayaw
Vehumet
Wu Jian
Xom
Yredelemnul
Zin
The Shining One

Shops:
D:10 }}[   D:15 !


Innate Abilities, Weirdness & Mutations

You are dopey. (Int -2)
Your magical capacity is low. (-10% MP)
You are resistant to hostile enchantments. (MR+)
You are somewhat resistant to further mutation.


Message History

Confirm with . or Enter, or press ? or * to list all spells.
Aiming: Bolt of Magma
Press: ? - help, Shift-Dir - straight line, f/p - red ugly thing
Aim: a red ugly thing (severely wounded)
The bolt of magma hits the red ugly thing.
The red ugly thing partially resists.
The red ugly thing is almost dead.
Sif Muna grants you divine energy.
You briefly lose access to your magic!
The red ugly thing tail-slaps you.
* * * LOW HITPOINT WARNING * * *
You are engulfed in flames.
You resist.
* * * LOW HITPOINT WARNING * * *
Unknown command.
You regain access to your magic.
Casting: Bolt of Magma
Confirm with . or Enter, or press ? or * to list all spells.
Aiming: Bolt of Magma
Press: ? - help, Shift-Dir - straight line, f/p - red ugly thing
Aim: a red ugly thing (almost dead)
The bolt of magma hits the red ugly thing.
The red ugly thing partially resists.
You kill the red ugly thing!
Sif Muna accepts your kill.
You see here Bayneufe's Papyrus of Combat Magic and Evil Rituals.
Sif Muna grants you a gift! Sif Muna grants you divine energy.
You briefly lose access to your magic!
T - Bayneufe's Papyrus of Combat Magic and Evil Rituals You regain access to your magic.
You drop Bayneufe's Papyrus of Combat Magic and Evil Rituals.
You see here Bayneufe's Papyrus of Combat Magic and Evil Rituals.
This spell is very dangerous to cast!
Memorise Lehudib's Crystal Spear, consuming 8 spell levels and leaving 1?
You start memorising the spell.
You continue memorising. x8
You finish memorising.
Spell assigned to 'j'.
There is a staircase to the Depths here.
You start resting.
Magic restored.
You start resting.
Magic restored.
You start resting.
HP restored.
You start resting.
HP restored.
You climb downwards.
Welcome back to the Depths!
The deep troll bites you!! The deep troll closely misses you.
The deep troll claws you but does no damage.
The red ugly thing tentacle-slaps you.
You are engulfed in flames!
You resist.
* * * LOW HITPOINT WARNING * * *
The red ugly thing tentacle-slaps you!
* * * LOW HITPOINT WARNING * * *
You are engulfed in flames!
You resist.
* * * LOW HITPOINT WARNING * * *
The red ugly thing barely misses you. The deep troll barely misses you.
The deep troll claws you.
* * * LOW HITPOINT WARNING * * *
The deep troll barely misses you.
There is a staircase back to the Dungeon, spattered with blood here.
You see here a bolt.
Okay, then.
Casting: Bolt of Magma
Confirm with . or Enter, or press ? or * to list all spells.
You blink.
The deep troll bites you!
You die...

###...........
.............
#####............ .
#...#...........
..#.........[...#..
....$..............
......u..uT.....TT.
>......§T.TT#
.##..##uuT@## #
#....# #....#
#...... .........
......(#...
............
...........


You could see an iron troll, 4 ugly things, 3 deep trolls and a deep troll
shaman.

Vanquished Creatures
  Josephine (D:12)
  A rakshasa (D:15)
  A hydra (D:11)
  A merfolk impaler (D:13)
  2 ice dragons (IceCv)
  8 vault guards (D:13)
  A great orb of eyes (Depths:1)
  Harold (D:12)
  5 centaur warriors
  A merfolk avatar (D:13)
  5 two-headed ogres
  A tengu warrior (D:15)
  A deep troll shaman (D:15)
  2 unseen horrors
  A glowing orange brain (D:15)
  Pikel (D:9)
  The ghost of Amnesiac the Thaumaturge, a novice DEWz of Sif Muna (D:8)
  6 ugly things
  An orc knight (D:15)
  A wolf spider zombie (D:14)
  2 manticores
  2 ice statues (IceCv)
  A water nymph (shapeshifter) (D:15)
  Psyche (D:9)
  A spiny frog (shapeshifter) (D:15)
  2 kobold demonologists (D:14)
  2 gargoyles
  4 rime drakes
  An efreet (D:14)
  A yaktaur (Depths:1)
  3 tengu conjurers
  A komodo dragon (D:11)
  8 trolls
  A hornet (D:6)
  Prince Ribbit (D:5)
  A meliai (shapeshifter) (D:12)
  3 slime creatures
  6 hippogriffs
  2 vampires (D:14)
  5 wraiths
  11 yaks
  3 basilisks
  A steam dragon (D:11)
  6 hungry ghosts
  2 soldier ants
  4 wargs (D:12)
  2 acid dragons
  A water moccasin (D:15)
  4 sky beasts
  An eye of draining (shapeshifter) (D:15)
  7 ogres
  18 ice beasts
  4 slaves (D:9)
  A black bear (shapeshifter) (D:15)
  5 black bears
  An eye of draining (D:14)
  10 orc warriors
  2 necrophages
  10 centaurs
  2 crocodiles (D:11)
  Blork the orc (D:6)
  6 big kobolds
  11 bullfrogs
  4 earth elementals
  4 scorpions
  3 killer bees (D:8)
  18 wights
  A vampire bat (D:3)
  9 howler monkeys
  An electric eel (D:6)
  9 crimson imps
  2 quasits
  5 centaur zombies
  9 hounds
  3 bullfrog zombies
  16 orc priests
  8 jellies
  13 orc wizards
  3 bullfrog skeletons
  Jessica (D:2)
  3 centaur skeletons
  4 iguanas
  7 worker ants
  2 howler monkey zombies
  7 gnolls (D:6)
  10 adders
  4 shadow imps
  6 oozes
  3 adder skeletons
  3 worms
  6 dart slugs
  2 leopard geckos
  67 orcs
  2 ball pythons
  17 bats
  7 giant cockroaches
  41 goblins
  34 hobgoblins
  11 jackals
  13 kobolds
  2 quokkas
  10 frilled lizards
  A giant cockroach zombie (D:5)
  A leopard gecko skeleton (D:5)
  A leopard gecko zombie (D:5)
  6 rats
582 creatures vanquished.

Vanquished Creatures (collateral kills)
  A centaur (D:6)
  An electric eel (D:6)
  3 worker ants
  An adder (D:6)
  3 worms (D:2)
  3 orcs
  A goblin (D:3)
  2 hobgoblins
  A kobold (D:3)
  A bat (D:3)
17 creatures vanquished.

Vanquished Creatures (others)
  An unseen horror (D:15)
  An orc wizard (D:6)
  An orc (D:5)
  5 fungi (D:3)
8 creatures vanquished.

Grand Total: 607 creatures vanquished

Notes
Turn   | Place    | Note
-------+----------+-------------------------------------------
     0 | D:1      | Amnesiac the Deep Elf Wizard began the quest for the Orb.
     0 | D:1      | Reached XP level 1. HP: 10/10 MP: 7/7
    46 | D:1      | Noticed a black bear
    46 | D:1      | Noticed an anaconda
    46 | D:1      | Noticed a lindwurm
    84 | D:1      | Reached skill level 1 in Fighting
   301 | D:1      | Reached XP level 2. HP: 11/16 MP: 3/9
   701 | D:1      | Learned a level 2 spell: Blink
   704 | D:1      | Learned a level 2 spell: Call Imp
  1083 | D:1      | Reached XP level 3. HP: 21/21 MP: 8/11
  1088 | D:1      | Learned a level 3 spell: Conjure Flame
  1092 | D:1      | Learned a level 3 spell: Mephitic Cloud
  1431 | D:2      | Gained mutation: You are dopey. (Int -2) [potion of mutation]
  1431 | D:2      | Gained mutation: You are somewhat resistant to further mutation. [potion of mutation]
  1875 | D:2      | Noticed Jessica
  1888 | D:2      | Killed Jessica
  1888 | D:2      | Reached XP level 4. HP: 22/27 MP: 2/12
  2240 | D:2      | Found a glowing golden altar of the Shining One.
  3160 | D:3      | Reached XP level 5. HP: 29/32 MP: 7/14
  3189 | D:3      | Found a faded altar of an unknown god.
  3291 | D:3      | Found a burning altar of Makhleb.
  3488 | D:3      | Reached skill level 5 in Spellcasting
  4029 | D:4      | Found a hide-covered altar of Uskayaw.
  4030 | D:4      | Found a shimmering altar of Xom.
  4115 | D:4      | Got a faintly humming leather armour
  4473 | D:4      | Noticed an ogre
  4487 | D:4      | Killed an ogre
  4487 | D:4      | Reached XP level 6. HP: 37/37 MP: 2/15
  4908 | D:5      | Entered Level 5 of the Dungeon
  5056 | D:5      | Found a staircase to the Ecumenical Temple.
  5099 | Temple   | Entered the Ecumenical Temple
  5280 | Temple   | Became a worshipper of Sif Muna the Loreminder
  5559 | D:5      | Found a sparkling altar of Nemelex Xobeh.
  6018 | D:6      | Reached XP level 7. HP: 32/43 MP: 4/16
  6119 | D:5      | Reached skill level 5 in Conjurations
  6253 | D:6      | Noticed a hornet
  6313 | D:6      | Noticed Blork the orc
  6495 | D:6      | Killed a hornet
  6495 | D:6      | Reached skill level 6 in Spellcasting
  6705 | D:6      | Killed Blork the orc
  6735 | D:6      | Identified the +2 leather armour of Misanthropy {*Drain +Blink rF++ Dex+3} (You found it on level 4 of the Dungeon)
  6861 | D:6      | Found a shattered altar of Ashenzari.
  6995 | D:6      | Reached * piety under Sif Muna
  6995 | D:6      | Reached XP level 8. HP: 48/48 MP: 8/19
  7143 | D:6      | Noticed Prince Ribbit
  7210 | D:6      | Reached skill level 7 in Spellcasting
  7405 | D:5      | Killed Prince Ribbit
  7953 | D:6      | Reached ** piety under Sif Muna
  8016 | D:6      | Reached skill level 8 in Spellcasting
  8717 | D:6      | Reached XP level 9. HP: 51/52 MP: 9/23
  8763 | D:6      | Reached *** piety under Sif Muna
  9144 | D:7      | Reached skill level 10 in Conjurations
  9229 | D:6      | Reached skill level 9 in Spellcasting
  9857 | D:7      | Got a bone hunting sling
  9894 | D:7      | Identified the +5 hunting sling of Yeast {flame, rElec rN+ SInv Stlth+} (You found it on level 7 of the Dungeon)
  9923 | D:7      | Reached skill level 10 in Spellcasting
  9937 | D:7      | Learned a level 5 spell: Lee's Rapid Deconstruction
  9944 | D:7      | Reached skill level 1 in Earth Magic
 10144 | D:7      | Reached **** piety under Sif Muna
 10519 | D:8      | Reached skill level 5 in Earth Magic
 10662 | D:8      | Noticed Amnesiac's ghost (novice DEWz)
 10706 | D:8      | Killed Amnesiac's ghost
 10706 | D:8      | Reached XP level 10. HP: 27/56 MP: 5/26
 11009 | D:8      | Found a shattered altar of Ashenzari.
 11403 | D:9      | Learned a level 2 spell: Passwall
 11407 | D:9      | Learned a level 3 spell: Stone Arrow
 11412 | D:9      | Learned a level 4 spell: Petrify
 11558 | D:9      | Noticed Pikel
 11566 | D:9      | Killed Pikel
 12076 | D:9      | Found a blossoming altar of Fedhas.
 12076 | D:9      | Noticed Psyche
 12092 | D:9      | Killed Psyche
 12092 | D:9      | Reached skill level 10 in Earth Magic
 12231 | D:10     | Entered Level 10 of the Dungeon
 12243 | D:10     | Reached ***** piety under Sif Muna
 12243 | D:10     | Identified Roepn's Catalogue of Ashen Cold (Sif Muna gifted it to you on level 10 of the Dungeon)
 12243 | D:10     | Received a gift from Sif Muna
 12249 | D:10     | Learned a level 3 spell: Regeneration
 12487 | D:10     | Found Seguiq's Gadget Boutique.
 12976 | D:10     | Found Uboggepn's Gadget Emporium.
 12987 | D:10     | Found Ybaluil's Armour Shoppe.
 12997 | D:10     | Bought a +1 pair of boots of running for 584 gold pieces
 13076 | D:10     | Reached XP level 11. HP: 61/61 MP: 27/27
 13100 | D:10     | Gained mutation: You are resistant to hostile enchantments. (MR+) [mutagenic meat]
 13434 | D:11     | Noticed a green ugly thing
 13449 | D:11     | Killed a green ugly thing
 13585 | D:11     | Reached skill level 11 in Spellcasting
 13653 | D:10     | Learned a level 5 spell: Bolt of Magma
 13773 | D:11     | Reached skill level 1 in Fire Magic
 13867 | D:11     | Noticed a two-headed ogre
 13872 | D:11     | Noticed a four-headed hydra
 13877 | D:11     | Killed a two-headed ogre
 13897 | D:11     | Killed a four-headed hydra
 14041 | D:11     | Noticed a two-headed ogre
 14044 | D:11     | Killed a two-headed ogre
 14044 | D:11     | Identified Iheam Jae's Volume of Summoning and Hexes (Sif Muna gifted it to you on level 11 of the Dungeon)
 14044 | D:11     | Received a gift from Sif Muna
 14044 | D:11     | Reached skill level 5 in Fire Magic
 14309 | D:11     | Reached skill level 12 in Spellcasting
 14369 | D:11     | Noticed a red ugly thing
 14374 | D:11     | Killed a red ugly thing
 14559 | D:11     | Found a staircase to the Lair.
 14752 | D:12     | Noticed a two-headed ogre
 14757 | D:12     | Killed a two-headed ogre
 14898 | D:12     | Found a staircase to the Orcish Mines.
 15155 | D:12     | Noticed a cyan ugly thing
 15160 | D:12     | Killed a cyan ugly thing
 15160 | D:12     | Reached XP level 12. HP: 57/66 MP: 18/30
 15246 | D:12     | Noticed Harold
 15248 | D:12     | Killed Harold
 15248 | D:12     | Reached skill level 13 in Spellcasting
 15652 | D:12     | Noticed Josephine
 15661 | D:12     | Killed Josephine
 15661 | D:12     | Identified Daaniton's Guide on the Volcanoes and Attacks (Sif Muna gifted it to you on level 12 of the Dungeon)
 15661 | D:12     | Received a gift from Sif Muna
 15679 | D:12     | Learned a level 5 spell: Fireball
 15815 | D:12     | Reached skill level 10 in Fire Magic
 16174 | D:12     | Noticed a two-headed ogre
 16177 | D:12     | Killed a two-headed ogre
 16348 | D:12     | Gained mutation: Your magical capacity is low. (-10% MP) [mutagenic meat]
 16599 | D:13     | Reached skill level 14 in Spellcasting
 16882 | D:13     | Found a gate to the Vaults.
 16882 | D:13     | Noticed a vault guard
 16882 | D:13     | Noticed a vault guard
 16882 | D:13     | Noticed a vault guard
 16882 | D:13     | Noticed a vault guard
 16882 | D:13     | Noticed a vault guard
 16883 | D:13     | Noticed a vault guard
 16884 | D:13     | Noticed a vault guard
 16884 | D:13     | Noticed a vault guard
 16885 | D:13     | Killed a vault guard
 16887 | D:13     | Killed a vault guard
 16887 | D:13     | Killed a vault guard
 16887 | D:13     | Reached skill level 15 in Spellcasting
 16902 | D:13     | Killed a vault guard
 16930 | D:13     | Killed a vault guard
 16930 | D:13     | Killed a vault guard
 16930 | D:13     | Reached XP level 13. HP: 48/70 MP: 0/31
 16963 | D:13     | Reached skill level 16 in Spellcasting
 17079 | D:13     | HP: 1/70 [centaur warrior/arrow (31)]
 17732 | D:13     | Found a runed door.
 17743 | D:13     | Found a runed warning-scrawled door.
 17956 | D:13     | Found a runed door.
 17956 | D:13     | Noticed a merfolk impaler
 17960 | D:13     | Killed a merfolk impaler
 17961 | D:13     | Received a gift from Sif Muna
 17968 | D:13     | Learned a level 3 spell: Ozocubu's Armour
 19048 | D:14     | Reached skill level 17 in Spellcasting
 19588 | D:14     | Reached skill level 18 in Spellcasting
 19844 | D:14     | Found a sacrificial altar of Ru.
 19915 | D:14     | Learned a level 4 spell: Passage of Golubria
 20123 | D:15     | Entered Level 15 of the Dungeon
 20123 | D:15     | Found Kunnelusm's Distillery.
 20436 | D:15     | Reached skill level 5 in Invocations
 20481 | D:15     | Found a frozen archway.
 20608 | IceCv    | Entered an ice cave
 21080 | IceCv    | Reached XP level 14. HP: 46/76 MP: 23/34
 21228 | IceCv    | Got a vibrating ivory amulet
 21236 | IceCv    | Identified the amulet "Vaohir" {Harm *Drain Slay+3} (You found it in an ice cave)
 22420 | D:15     | Found a staircase to the Depths.
 22525 | Depths:1 | Entered Level 1 of the Depths
 22556 | D:15     | Identified Bayneufe's Papyrus of Combat Magic and Evil Rituals (Sif Muna gifted it to you on level 15 of the Dungeon)
 22556 | D:15     | Received a gift from Sif Muna
 22575 | D:15     | Learned a level 8 spell: Lehudib's Crystal Spear
 22834 | Depths:1 | Mangled by a deep troll

Vault maps used:
D:1:      onia_arrival_zoo_common
D:2:      tso_metal_star, serial_bayou, serial_bayou_shore_b,
          serial_bayou_pond_a, serial_bayou_pond_e, serial_bayou_pond_a,
          uniq_jessica
D:3:      lemuel_doored_altar, chequers_ecumenical_altar_simple_redux,
          roderic_batcave, kennysheep_minor_cross, minmay_misc_feat_roman,
          minmay_gold_behind_fungi, minmay_goblin_outpost
D:4:      gammafunk_temple_overflow_statue, fountainhead,
          hangedman_abyss_or_decor_lesser_grid
D:5:      overflow_temple_1_default, minmay_temple_entry_glass, first_bread
D:6:      minmay_goblin_kobold_castle, nicolae_overflow_crystal_walls,
          uniq_blork_the_orc, uniq_prince_ribbit1
D:8:      basic_altar
D:9:      basic_altar, uniq_psyche, uniq_pikel
D:10:     serial_shops, shop, nicolae_shop_statue_plus, shop
D:11:     erik_lair_dragon
D:12:     minmay_orc_entry_guard_dogs, hangedman_little_slice_of_home,
          uniq_harold, uniq_josephine
D:13:     erik_vaults_2, grunt_ministairs_1, mikee_hates_you
D:14:     minmay_stone_box, nicolae_ru_sacrificial_ziggurat
D:15:     gammafunk_enter_depths_forms, serial_shops,
          nicolae_shop_window_shopping, portal_ice_cave_rime,
          hangedman_decor_diamond_cutter
Temple:   nicolae_temple_elliptical
Depths:1: minmay_stepped, hellmouth_3, roderic_lattice_a, abyss_entry,
          spider_trap, nicolae_alphabet_shops, minmay_item_behind_shaft,
          serial_bayou_pond_d, kilobyte_mutagenic_chamber, serial_bayou_shore_b
IceCv:    ice_cave_small_dragons

Skill      XL: |  1  2  3  4  5  6  7  8  9 10 11 12 13 14 |
---------------+-------------------------------------------+-----
Fighting       | 1 2 3 4 |  4.0
Conjurations   | 2 3 4 7 9 10 11 | 11.0
Spellcasting   | 5 6 8 10 12 15 18 | 18.5
Dodging        | 3 4 |  4.0
Earth Magic    | 7 11 | 11.0
Fire Magic     | 8 11 | 11.0
Stealth        | 4 |  4.0
Invocations    | 7 9 |  9.8
Summonings     | |  1.1
Translocations | |  1.1

Action                   |  1- 3 |  4- 6 |  7- 9 | 10-12 | 13-15 || total
-------------------------+-------+-------+-------+-------+-------++-------
Melee: Unarmed           |     7 |    25 |       |       |       ||    32
       Hunting sling     |       |    10 |     4 |       |       ||    14
 Fire: Hunting sling     |       |       |   278 |   312 |   114 ||   704
 Cast: Magic Dart        |   117 |   220 |   350 |     6 |       ||   693
       Call Imp          |     3 |    12 |     6 |       |       ||    21
       Mephitic Cloud    |       |     4 |    22 |     1 |       ||    27
       Conjure Flame     |       |     1 |    32 |    13 |       ||    46
       Blink             |       |       |     9 |       |    12 ||    21
       Stone Arrow       |       |       |       |    60 |       ||    60
       Bolt of Magma     |       |       |       |   138 |   179 ||   317
       Fireball          |       |       |       |    11 |    21 ||    32
       Lee's Rapid Decon |       |       |       |       |     7 ||     7
       Petrify           |       |       |       |       |     1 ||     1
Invok: Divine Energy     |       |       |     1 |       |       ||     1
       Channel Magic     |       |       |       |       |     1 ||     1
  Use: Scroll            |     2 |       |       |    21 |     3 ||    26
       Potion            |     2 |       |       |     4 |     3 ||     9
 Stab: Confused          |       |       |     1 |       |       ||     1
  Eat: Chunk             |     2 |    13 |    16 |    35 |    22 ||    88
       Fruit             |       |       |       |     1 |       ||     1
       Royal jelly       |       |       |       |       |     4 ||     4
Armor: Robe              |     7 |    46 |       |       |       ||    53
       Leather armour    |       |       |    96 |    56 |    75 ||   227
Dodge: Dodged            |    43 |   142 |   184 |   105 |    93 ||   567

Table legend:
 A = Spawn XP
 B = Non-spawn XP
 C = Spawn XP percentage of total XP
 D = Spawn monster count
 E = Non-spawn monster count
 F = Spawn count percentage of total count
 G = Total turns spent on level
                    A         B        C        D         E        F      G
               +---------+---------+-------+---------+---------+-------+---------
         Total |       0 |   75726 |   0.0 |       0 |     598 |   0.0 | 22834
               +---------+---------+-------+---------+---------+-------+---------
           D:1 |       0 |      54 |   0.0 |       0 |      29 |   0.0 |  1428
           D:2 |       0 |      93 |   0.0 |       0 |      27 |   0.0 |  1363
           D:3 |       0 |     162 |   0.0 |       0 |      41 |   0.0 |  1143
           D:4 |       0 |     154 |   0.0 |       0 |       5 |   0.0 |   974
           D:5 |       0 |     549 |   0.0 |       0 |      22 |   0.0 |  1256
           D:6 |       0 |    2478 |   0.0 |       0 |     103 |   0.0 |  3088
           D:7 |       0 |    1433 |   0.0 |       0 |      34 |   0.0 |  1036
           D:8 |       0 |    2153 |   0.0 |       0 |      25 |   0.0 |   894
           D:9 |       0 |    1921 |   0.0 |       0 |      22 |   0.0 |   833
          D:10 |       0 |    2068 |   0.0 |       0 |      36 |   0.0 |  1256
          D:11 |       0 |    7016 |   0.0 |       0 |      35 |   0.0 |  1265
          D:12 |       0 |   12241 |   0.0 |       0 |      69 |   0.0 |  1681
          D:13 |       0 |   13444 |   0.0 |       0 |      29 |   0.0 |  2529
          D:14 |       0 |    9136 |   0.0 |       0 |      50 |   0.0 |  1377
          D:15 |       0 |   15334 |   0.0 |       0 |      47 |   0.0 |  1701
      Depths:1 |       0 |    1990 |   0.0 |       0 |       4 |   0.0 |    19
         IceCv |       0 |    5500 |   0.0 |       0 |      20 |   0.0 |   775
               +---------+---------+-------+---------+---------+-------+---------
